Map: Pillars of Gold LE

Players

BlyOnFire (Bly)

  • Race: Zerg Zerg
  • League: Master
  • Spawn Location: 7:00

soul - Winner!

  • Race: Terran Terran
  • League: Master
  • Spawn Location: 1:00

Event: StayAtHomestory Cup #2

VOD

Have the link to the VOD?

Description

Time

  • Played on: June 11, 2020, 5:21 p.m.
  • Length: 23:22

All games in this series

Show
View Real Time Build Order
Export as new Build Order

BlyOnFire Zerg 

Build Orders: Hatch First, Muta Ling Bane 

Get SALT Encoding   

  12  0:01  Drone  
  13  0:13  Overlord  
  13  0:17  Drone  
  14  0:31  Drone x2  
  16  0:50  Hatchery  
  16  0:53  Drone  
  16  0:56  Drone  
  17  1:00  Drone  
  18  1:10  Extractor  
  17  1:16  Spawning Pool  
  16  1:19  Drone  
  16  1:22  Drone  
  18  1:30  Drone  
  19  1:41  Drone  
  20  1:50  Overlord  
  20  2:02  Queen x2  
  20  2:04  Zergling x4  
  26  2:11  Drone  
  26  2:15  Drone, Metabolic Boost  
  28  2:24  Drone x2  
  30  2:36  Overlord, Drone  
  31  2:43  Queen  
  33  2:45  Drone  
  33  2:48  Overlord  
  34  2:59  Lair  
  34  3:03  Drone  
  34  3:04  Drone  
  36  3:10  Drone x2  
  38  3:19  Drone x3  
  41  3:21  Overlord  
  41  3:23  Overlord  
  41  3:29  Drone, Extractor  
  41  3:30  Drone, Extractor  
  41  3:40  Drone x3  
  44  3:47  Drone x3  
  44  3:48  Drone, Extractor  
  47  3:54  Zergling x8  
  50  4:04  Overlord  
  50  4:08  Spire  
  50  4:09  Drone  
  49  4:14  Spore Crawler  
  49  4:17  Spore Crawler  
  49  4:35  Drone x3  
  52  4:41  Zergling x10  
  57  4:48  Hatchery  
  55  5:05  Drone  
  55  5:06  Drone x2  
  57  5:07  Drone x4  
  57  5:08  Drone x2  
  57  5:11  Baneling Nest  
  60  5:22  Mutalisk x3  
  66  5:31  Mutalisk x5  
  76  5:39  Overlord x2  
  75  5:51  Overlord  
  75  5:53  Drone  
  76  5:59  Evolution Chamber  
  76  6:00  Evolution Chamber  
  76  6:01  Drone x8  
  82  6:11  Mutalisk x3  
  86  6:37  Overlord, Mutalisk x5  
  94  6:45  Drone x4  
  98  6:47  Extractor  
  98  6:48  Extractor  
  98  6:49  Centrifical Hooks  
  96  7:02  Zergling x20  
  96  7:06  Zerg Ground Armor Level 1  
  106  7:09  Hatchery  
  105  7:21  Zerg Melee Weapons Level 1  
  105  7:22  Baneling x4  
  105  7:25  Drone  
  105  7:26  Overlord x4  
  105  7:27  Overlord  
  106  7:35  Overlord  
  106  7:37  Baneling x6  
  106  7:50  Drone x4  
  106  7:51  Drone x8  
  116  7:58  Hatchery  
  116  8:02  Baneling x3  
  116  8:03  Baneling x7  
  115  8:06  Overseer  
  115  8:09  Zergling x10  
  115  8:10  Burrow  
  121  8:27  Zergling x18  
  129  8:43  Zergling x4  
  129  8:44  Zergling x14  
  138  8:50  Extractor  
  138  8:51  Overseer x3  
  138  8:54  Drone  
  138  8:56  Drone x3  
  141  9:08  Zerg Flyer Weapons Level 1  
  141  9:09  Mutalisk, Zerg Ground Armor Level 2  
  141  9:10  Mutalisk x3  
  141  9:11  Zergling x2  
  141  9:12  Zergling x14  
  155  9:25  Overseer x4  
  150  9:38  Baneling x20  
  149  9:51  Zerg Melee Weapons Level 2  
  149  9:52  Infestation Pit  
  146  9:53  Hatchery  
  146  9:55  Zergling x38  
  146  9:58  Overlord  
  159  10:07  Drone x3  
  159  10:08  Drone x3  
  157  10:16  Baneling x20  
  154  10:23  Overseer  
  154  10:39  Hive  
  154  10:44  Pneumatized Carapace  
  154  10:53  Mutalisk x3  
  154  10:54  Overlord x2  
  154  10:55  Overlord  
  161  10:57  Zergling x26  
  147  11:19  Zergling x34  
  143  11:32  Mutalisk x5, Drone  
  149  11:43  Zergling x16  
  157  11:49  Overseer  
  157  11:52  Baneling x16  
  149  12:14  Ultralisk Cavern  
  148  12:25  Drone  
  148  12:26  Drone x14  
  163  12:36  Zerg Melee Weapons Level 3, Zerg Ground Armor Level 3  
  163  12:37  Overlord  
  163  12:38  Overlord  
  163  12:42  Overlord x2  
  163  12:45  Hatchery  
  143  13:22  Zergling x62  
  143  13:26  Ultralisk Cavern  
  172  13:33  Spawning Pool  
  171  13:41  Baneling x6  
  165  13:50  Overlord x2  
  165  13:53  Mutalisk  
  165  13:54  Mutalisk x9  
  170  14:14  Corruptor x6  
  167  14:31  Zergling x34  
  177  14:33  Baneling x7  
  93  14:58  Zergling x20  
  84  15:04  Drone x3  
  82  15:08  Zergling x6, Extractor  
  82  15:13  Hatchery  
  79  15:16  Drone  
  79  15:17  Drone x5  
  82  15:26  Ultralisk Cavern  
  82  15:28  Overseer x3  
  79  15:31  Drone x3  
  77  15:39  Baneling x6  
  77  15:40  Zergling x16  
  86  15:45  Queen x2  
  90  15:52  Zergling x8  
  90  15:56  Baneling x2  
  90  15:57  Baneling x2  
  76  16:13  Zergling x18, Corruptor  
  76  16:17  Chitinous Plating  
  87  16:19  Drone x4  
  89  16:41  Ultralisk x2  
  78  16:58  Zergling x18  
  72  17:04  Baneling x4  
  72  17:05  Baneling  
  60  17:21  Drone x3  
  58  17:34  Drone x4  
  60  17:39  Drone  
  60  17:40  Drone  
  62  17:49  Drone x2  
  64  17:59  Infestor x2  
  66  18:09  Drone x6  
  72  18:27  Hatchery  
  72  18:32  Extractor  
  72  18:33  Drone x3  
  73  18:34  Baneling, Extractor x2  
  73  18:35  Baneling x2  
  70  18:42  Zergling x2  
  70  18:43  Zergling x6  
  73  19:00  Ultralisk  
  73  19:02  Baneling x2  
  77  19:06  Corruptor  
  77  19:08  Zergling x18  
  77  19:09  Zergling x4  
  86  19:28  Zergling x16  
  88  19:44  Drone x9  
  82  19:55  Corruptor  
  82  19:58  Spore Crawler  
  71  20:43  Spawning Pool  
  67  20:51  Drone x6  
  68  21:20  Corruptor  
  66  21:54  Spore Crawler  
  66  22:00  Corruptor x2  
  69  22:04  Corruptor  
  71  22:19  Drone x2  
  68  22:51  Baneling x3  
  62  23:14  Hatchery  
Show
View Real Time Build Order
Export as new Build Order

soul Terran - Winner!

Build Orders: Reaper Expand 

Get SALT Encoding   

  12  0:00  SCV  
  13  0:13  SCV  
  14  0:18  Supply Depot  
  14  0:25  SCV  
  15  0:39  SCV  
  15  0:40  Barracks  
  16  0:45  Refinery  
  16  0:51  SCV  
  17  1:03  SCV  
  18  1:16  SCV  
  19  1:28  Reaper, Orbital Command  
  20  1:45  Command Center  
  20  1:54  Supply Depot  
  20  1:55  SCV  
  20  2:00  Marine  
  22  2:07  SCV  
  23  2:16  Factory  
  23  2:20  SCV  
  23  2:22  Barracks Reactor  
  24  2:32  SCV  
  25  2:47  SCV, Command Center  
  26  2:59  Orbital Command  
  26  3:04  SCV  
  27  3:08  Hellion  
  27  3:09  Hellion  
  27  3:12  Barracks Tech Lab  
  31  3:16  SCV  
  32  3:21  Barracks  
  32  3:25  SCV  
  33  3:28  SCV  
  33  3:30  Marine  
  35  3:34  Stimpack  
  35  3:37  SCV  
  35  3:38  Hellion  
  38  3:42  Hellion  
  38  3:45  SCV  
  41  3:49  SCV  
  41  3:51  Marine  
  43  3:58  SCV  
  43  3:59  Refinery  
  43  4:01  Orbital Command  
  43  4:05  SCV  
  43  4:10  SCV  
  43  4:12  Starport  
  44  4:19  Factory Tech Lab  
  44  4:20  Marine  
  44  4:21  Marine x2  
  47  4:25  SCV  
  47  4:26  SCV  
  47  4:28  SCV  
  50  4:37  SCV  
  50  4:38  Supply Depot, Marine  
  52  4:39  SCV, Marine  
  52  4:42  Marine  
  52  4:44  SCV  
  59  4:46  Refinery  
  59  4:49  SCV, Starport Reactor  
  59  4:51  Widow Mine  
  59  4:53  SCV  
  59  4:55  Marine  
  59  4:58  Marine  
  59  4:59  SCV  
  61  5:01  Marine  
  61  5:14  SCV x3, Engineering Bay, Marine  
  61  5:17  Supply Depot, Engineering Bay  
  61  5:21  Marine, Widow Mine  
  67  5:22  Combat Shield  
  67  5:23  Marine  
  69  5:32  Supply Depot  
  69  5:38  SCV x3, Medivac x2, Marine  
  69  5:41  Supply Depot  
  77  5:42  Terran Infantry Weapons Level 1  
  77  5:47  Refinery  
  77  5:49  Missile Turret  
  76  5:52  Marine  
  76  5:53  Orbital Command, Missile Turret, Marine  
  78  5:58  Supply Depot  
  78  5:59  SCV  
  78  6:00  Widow Mine  
  78  6:04  Terran Infantry Armor Level 1  
  81  6:05  Marine  
  81  6:07  SCV  
  81  6:10  Marine  
  84  6:15  Supply Depot, Marine  
  84  6:16  Supply Depot  
  85  6:20  SCV  
  85  6:22  SCV  
  85  6:23  Marine  
  88  6:28  Marine  
  88  6:31  SCV  
  90  6:33  Marine  
  90  6:34  SCV, Missile Turret  
  90  6:38  Medivac  
  90  6:39  SCV  
  90  6:41  Marine  
  90  6:43  SCV  
  90  6:46  SCV, Marine  
  90  6:47  Widow Mine  
  95  6:51  SCV, Marine  
  97  6:56  Barracks  
  97  6:58  Barracks  
  97  6:59  SCV, Marine  
  97  7:00  Barracks  
  99  7:03  SCV, Marine  
  99  7:04  Armory  
  99  7:05  SCV  
  102  7:11  SCV  
  102  7:14  Marine, Factory  
  104  7:15  SCV  
  104  7:16  Marine  
  104  7:18  SCV  
  104  7:21  Supply Depot, Marine  
  105  7:24  SCV  
  105  7:25  Supply Depot  
  105  7:27  Widow Mine  
  105  7:28  SCV  
  105  7:29  Medivac  
  111  7:31  SCV  
  111  7:32  Marine  
  111  7:35  Supply Depot  
  111  7:36  SCV, Supply Depot  
  114  7:39  Marine  
  114  7:40  SCV, Marine  
  114  7:43  SCV  
  118  7:48  SCV  
  118  7:50  Barracks Reactor, Marine  
  118  7:51  Barracks Reactor x2  
  111  7:52  SCV  
  111  7:58  Supply Depot, Marine  
  113  8:00  SCV  
  116  8:07  Factory Reactor  
  116  8:09  Thor  
  116  8:11  SCV x2  
  120  8:13  SCV  
  120  8:16  Marine  
  115  8:22  Marine  
  115  8:23  SCV x2  
  115  8:27  SCV  
  119  8:30  Drilling Claws  
  120  8:35  SCV x2  
  120  8:39  SCV  
  120  8:41  Terran Infantry Armor Level 2, Terran Infantry Weapons Level 2  
  123  8:45  Widow Mine  
  123  8:47  SCV  
  123  8:48  Missile Turret, Widow Mine  
  126  8:51  Medivac x2  
  126  8:52  Marine x3  
  126  8:53  Barracks Reactor  
  133  9:07  Command Center  
  133  9:08  Widow Mine x2, Sensor Tower, Marine  
  133  9:09  Marine x3  
  139  9:16  Marine  
  142  9:18  Marine  
  142  9:19  Marine  
  142  9:23  SCV x3  
  142  9:26  Marine  
  142  9:27  Marine x3  
  140  9:32  Marine  
  140  9:33  Sensor Tower  
  140  9:35  SCV x3  
  144  9:38  Missile Turret, Marine x2  
  144  9:42  Missile Turret  
  146  9:46  Medivac x2  
  146  9:47  SCV x3  
  153  9:54  Supply Depot  
  153  9:55  Supply Depot  
  152  10:15  SCV x2, Starport, Marine x2  
  152  10:16  Widow Mine, Starport  
  152  10:18  Marine x5  
  152  10:19  Marine x2  
  159  10:21  Widow Mine  
  159  10:24  SCV  
  159  10:27  SCV x2  
  160  10:29  Refinery  
  160  10:30  Widow Mine  
  160  10:31  Refinery  
  160  10:33  Marine x2  
  160  10:35  Bunker  
  164  10:36  SCV  
  164  10:40  SCV  
  166  10:43  Terran Ship Weapons Level 1, Liberator  
  166  10:47  SCV  
  170  10:50  SCV  
  170  10:52  SCV  
  170  10:54  Refinery  
  170  10:56  Planetary Fortress, Widow Mine  
  174  10:59  SCV  
  174  11:01  Missile Turret  
  174  11:02  SCV, Refinery, Marine  
  174  11:03  Marine  
  174  11:06  Starport Reactor x2  
  174  11:07  SCV  
  174  11:09  Missile Turret  
  174  11:17  Marine x5  
  173  11:19  Marine, Widow Mine  
  173  11:22  Marine, Liberator  
  173  11:23  Marine  
  169  11:38  Command Center  
  169  11:49  Supply Depot  
  169  11:50  Supply Depot x2  
  169  11:53  Supply Depot  
  166  12:06  Widow Mine  
  166  12:07  Widow Mine  
  161  12:09  Liberator  
  161  12:10  Liberator x3  
  173  12:20  SCV x2, Missile Turret  
  172  12:24  Terran Infantry Weapons Level 3  
  172  12:29  Liberator  
  175  12:31  Terran Infantry Armor Level 3  
  175  12:33  Factory Reactor  
  175  12:36  Sensor Tower  
  175  12:37  SCV  
  176  12:45  Widow Mine  
  176  12:46  SCV  
  176  12:50  SCV  
  177  12:54  Liberator  
  177  12:58  SCV, Sensor Tower  
  180  13:02  SCV  
  182  13:07  Widow Mine  
  182  13:10  SCV  
  176  13:12  Liberator  
  176  13:13  Liberator  
  176  13:17  Widow Mine x2, Marine  
  176  13:18  Marauder  
  176  13:19  Marine x2  
  175  13:20  Marine  
  175  13:22  Marine  
  175  13:24  Marine  
  174  13:27  Marine  
  174  13:28  Widow Mine  
  174  13:31  Liberator  
  174  13:34  Marine  
  180  13:35  Marine  
  180  13:37  Marine x2  
  180  13:38  Marine, Widow Mine  
  180  13:39  Marauder, Widow Mine  
  180  13:41  Marine  
  189  13:44  Marine  
  189  13:45  Marine  
  185  13:50  Widow Mine  
  185  13:53  Liberator x2  
  183  13:56  Supply Depot  
  183  13:58  Marine  
  183  14:00  Supply Depot  
  182  14:11  Widow Mine  
  182  14:16  Marine, Liberator  
  182  14:17  Marine x5  
  186  14:18  Marine x2  
  186  14:19  Marine, Widow Mine  
  174  14:34  Marine x4  
  174  14:35  Marine x2  
  131  14:45  Marine  
  131  14:47  Marine  
  131  14:48  Marine  
  131  14:52  Marine x2  
  108  14:54  Marine  
  80  15:01  Marine  
  74  15:08  Medivac  
  74  15:10  Medivac x2  
  74  15:13  Marine  
  74  15:14  Marine x2  
  74  15:15  Marine  
  74  15:20  Marine  
  77  15:23  Orbital Command  
  77  15:24  Medivac  
  79  15:29  Marine x3  
  79  15:32  Marine  
  79  15:34  Marine  
  84  15:35  Marine  
  85  15:43  Marine x3  
  85  15:48  Marine  
  80  15:51  Marine  
  80  15:53  Marine  
  80  15:54  Marine  
  79  15:58  Marine x2  
  79  16:01  Marine  
  79  16:02  Marine  
  83  16:10  Marine x2  
  78  16:11  Marine x2  
  78  16:14  Marine  
  78  16:16  Widow Mine  
  78  16:17  Marine  
  78  16:18  Marine  
  78  16:22  Marine  
  78  16:24  Marine  
  81  16:28  Marine  
  82  16:34  Marine  
  82  16:35  Marine x2  
  82  16:38  Marine  
  82  16:39  Marine  
  84  16:49  Orbital Command  
  81  16:57  Marine  
  64  17:07  Marine x7  
  71  17:09  Marine  
  71  17:14  Marine  
  68  17:24  Marine x3  
  70  17:32  Barracks Tech Lab  
  69  17:38  Marine x2  
  69  17:39  Marine x3  
  69  17:42  Marine x3  
  63  17:46  Widow Mine  
  64  17:56  Marine  
  65  18:03  Marauder  
  66  18:06  SCV x2  
  66  18:11  Liberator  
  71  18:17  Widow Mine  
  71  18:18  SCV, Widow Mine  
  71  18:19  SCV, Marauder  
  79  18:27  Barracks Tech Lab  
  79  18:31  SCV x2  
  81  18:37  Widow Mine x2  
  81  18:40  Marauder  
  88  18:42  Liberator x2  
  88  18:43  SCV x2  
  94  18:53  Liberator  
  94  18:55  SCV x2  
  99  18:59  Widow Mine  
  99  19:00  Liberator  
  104  19:04  Liberator  
  107  19:13  Medivac, Marine  
  92  19:26  Marauder, Marine  
  92  19:30  Marine  
  96  19:37  Refinery  
  96  19:39  Refinery  
  96  19:40  SCV x2  
  96  19:41  Marine  
  90  19:47  Marine  
  90  19:48  Marauder  
  90  19:52  SCV x2  
  94  19:53  Marine  
  94  19:54  Marauder, Marine  
  94  19:55  Marauder  
  94  19:58  Widow Mine  
  94  19:59  Marine  
  103  20:04  SCV x2  
  103  20:05  Marine  
  104  20:09  Marauder  
  104  20:10  Widow Mine  
  104  20:11  Marine  
  104  20:12  Marine  
  110  20:15  Marauder  
  110  20:16  SCV x2, Marauder  
  116  20:28  SCV, Marine  
  117  20:30  Marine  
  117  20:31  Marauder  
  117  20:35  Marine x2  
  121  20:37  Marauder x2  
  125  20:46  Marine  
  125  20:48  Marine  
  124  20:52  Marauder  
  130  21:03  Marauder, Marine  
  129  21:10  Marauder, Marine  
  129  21:15  Marine  
  129  21:16  Marauder  
  132  21:19  Marine  
  132  21:23  Medivac x4, Marine  
  132  21:25  Marauder  
  135  21:30  Marine  
  135  21:32  Marauder  
  138  21:35  Marine  
  138  21:37  Marauder  
  141  21:41  Orbital Command  
  141  21:46  SCV  
  142  21:54  Marine  
  142  21:55  Marauder  
  142  21:56  Sensor Tower  
  142  21:57  Refinery  
  142  21:58  SCV  
  146  22:01  Refinery  
  146  22:08  Marauder, Marine  
  149  22:10  SCV  
  150  22:17  Marauder x2  
  150  22:18  SCV  
  150  22:22  SCV  
  156  22:23  Medivac  
  160  22:30  Marauder  
  160  22:33  SCV  
  160  22:34  SCV  
  156  22:38  Marine  
  156  22:39  Marauder  
  159  22:45  SCV  
  159  22:46  SCV  
  159  22:53  Marauder x2, Marine  
  159  22:57  SCV, Marine x3  
  168  23:00  Marauder  
Tags
 
Add a new tag
Caveats
  • Supply blocks, unpowered buildings, or Contaminate may cause inaccurate times.
  • Supply counts are checked every 10 seconds.